 Dungeon Sprint DCSS version 0.20-a0-1078-g4874019 (webtiles) character file.

3982 Nobokod the Timeless (level 10, 0/86 HPs)
             Began as a Demonspawn Fighter on Apr 30, 2017.
             Was a High Priest of Cheibriados.
             Slain by an eight-headed hydra (9 damage)
             ... in the Dungeon (Sprint IX: "|||||||||||||||||||||||||||||").
             The game lasted 00:01:44 (754 turns).

Nobokod the Timeless (Demonspawn Fighter)            Turns: 754, Time: 00:01:45

Health: 0/86       AC: 12    Str: 30    XL:     10   Next: 2%
Magic:  3/19       EV: 11    Int: 26    God:    Cheibriados [*****.]
Gold:   0          SH: 14    Dex: 31    Spells: 9/9 levels left

rFire    . . .     SeeInvis .   o - +2 scimitar (flame)
rCold    + . .     Gourm    .   c - +0 shield
rNeg     . . .     Faith    .   q - +1 scale mail
rPois    .         Spirit   .   (helmet restricted)
rElec    .         Reflect  .   (no cloak)
rCorr    .         Harm     .   p - +0 pair of gloves
MR       .....     NoTele   +   (no boots)
Stlth    +.........             (no amulet)
Regen    0.3/turn               r - +3 ring of intelligence
MPRegen  0.2/turn               s - +3 ring of dexterity

@: very slow
A: antennae 1, yellow scales 1, cold resistance 1, spiny 2
a: Bend Time, Temporal Distortion, Slouch, Step From Time, Renounce Religion


You were in the Dungeon.
You worshipped Cheibriados.
Cheibriados was extremely pleased with you.
You were not hungry.

You visited 1 branch

Inventory:

Hand Weapons
 o - a +2 scimitar of flaming (weapon)
Armour
 c - a +0 shield (worn)
 p - a +0 pair of gloves (worn)
 q - a +1 scale mail (worn)
Jewellery
 r - a +3 ring of intelligence (left hand)
 s - a +3 ring of dexterity (right hand)
Wands
 n - a wand of acid (4/15)
Scrolls
 k - 3 scrolls of blinking
 l - 3 scrolls of remove curse
 m - 2 scrolls of amnesia
 t - 2 scrolls of enchant armour
 u - 2 scrolls of fear
 v - a scroll of recharging
Potions
 a - a potion of agility
 b - a potion of mutation
 d - 2 potions of might
 e - 6 potions of curing
 g - 7 potions of heal wounds
 h - a potion of haste
 i - 4 potions of magic
 j - a potion of invisibility
Comestibles
 f - a bread ration


   Skills:
 + Level 10.7 Fighting
 + Level 11.9 Long Blades
 + Level 9.4 Armour
 + Level 2.3 Dodging
 + Level 9.0 Shields
 * Level 12.4 Invocations


You had 9 spell levels left.
You didn't know any spells.

Dungeon Overview and Level Annotations

Branches:
Dungeon (1/1)

Altars:
Cheibriados
Dithmenos
Elyvilon
Fedhas
Gozag
Hepliaklqana
Kikubaaqudgha
Makhleb
Nemelex Xobeh
Okawaru
Qazlal
Ru
Sif Muna
Trog
Uskayaw
Vehumet
Wu Jian
Xom
Yredelemnul
Zin
The Shining One
Beogh
Jiyva
Lugonu


Innate Abilities, Weirdness & Mutations

You have a pair of small antennae on your head.
You are partially covered in yellow scales. (AC +2)
Your flesh is cold resistant. (rC+)
You are mostly covered in sharp spines.


Message History

You feel somewhat more hungry.
Cheibriados lowers the support of your attributes as your movement quickens.
The eight-headed hydra is struck by your spines.
The eight-headed hydra bites you.
* * * LOW HITPOINT WARNING * * *
You block the eight-headed hydra's attack.
The eight-headed hydra barely misses you.
The eight-headed hydra bites you but does no damage.
You block the eight-headed hydra's attack.
The eight-headed hydra bites you!
* * * LOW HITPOINT WARNING * * *
You block the eight-headed hydra's attack.
The eight-headed hydra bites you but does no damage.
You hit the eight-headed hydra. You burn the eight-headed hydra.
The eight-headed hydra is almost dead.
The eight-headed hydra is struck by your spines.
The eight-headed hydra barely misses you.
You block the eight-headed hydra's attack. x2
The eight-headed hydra bites you!
You die... ▓▓▓▓▓▓▓▓▓▓▓▓▓▓▓▓▓▓▓▓▓▓▓▓ ..'.....(=......@D.H.... { {{{{{{

▓▓▓▓▓▓▓▓▓▓▓▓▓▓▓▓▓▓▓▓▓▓▓▓▓▓▓▓▓▓▓▓▓
.................................
▓▓▓▓▓▓▓▓▓▓▓▓▓▓▓▓▓▓▓▓▓▓▓▓▓▓▓▓▓▓▓▓▓
)...(').†..'_____________________
▓▓▓▓▓▓▓▓▓▓▓▓▓▓▓▓▓▓▓▓▓▓▓▓▓▓▓▓▓▓▓▓▓


You could see an eight-headed hydra and a hippogriff.

Vanquished Creatures
  A centaur warrior (D)
  A hydra (D)
  A cyclops (D)
  A manticore (D)
  A black mamba (D)
  2 komodo dragons (D)
  A wyvern (D)
  A basilisk (D)
  A hungry ghost (D)
  A water moccasin (D)
  A porcupine (D)
  A black bear (D)
  A phantom (D)
  2 centaurs (D)
  2 bullfrogs (D)
  A hound (D)
  A shadow imp (D)
  A worm (D)
  A leopard gecko (D)
  A giant cockroach (D)
  2 goblins (D)
  A hobgoblin (D)
  A jackal (D)
  A quokka (D)
  A kobold (D)
29 creatures vanquished.

Notes
Turn   | Place    | Note
-------+----------+-------------------------------------------
     0 | D        | Nobokod the Demonspawn Fighter began the quest for the Orb.
     0 | D        | Reached XP level 1. HP: 18/18 MP: 1/1
    17 | D        | Noticed a centaur
    24 | D        | Killed a centaur
    24 | D        | Gained mutation: You are partially covered in yellow scales. (AC +2) [demonic ancestry]
    24 | D        | Reached XP level 2. HP: 24/24 MP: 2/2
    24 | D        | Gained mutation: You are partially covered in sharp spines. [demonic ancestry]
    24 | D        | Reached XP level 3. HP: 29/29 MP: 3/3
    24 | D        | Gained mutation: You have a pair of small antennae on your head. [demonic ancestry]
    24 | D        | Reached XP level 4. HP: 35/35 MP: 4/4
    79 | D        | Found a roughly hewn altar of Beogh.
    79 | D        | Found a snail-covered altar of Cheibriados.
    79 | D        | Found a shadowy altar of Dithmenos.
    79 | D        | Found a white marble altar of Elyvilon.
    79 | D        | Found a blossoming altar of Fedhas.
    79 | D        | Found an opulent altar of Gozag.
    80 | D        | Found a hazy altar of Hepliaklqana.
    81 | D        | Found a viscous altar of Jiyva.
    82 | D        | Found an ancient bone altar of Kikubaaqudgha.
    83 | D        | Became a worshipper of Cheibriados the Contemplative
    84 | D        | Found a corrupted altar of Lugonu.
    85 | D        | Found a burning altar of Makhleb.
    86 | D        | Found a sparkling altar of Nemelex Xobeh.
    87 | D        | Found an iron altar of Okawaru.
    88 | D        | Found a stormy altar of Qazlal.
    89 | D        | Found a sacrificial altar of Ru.
    90 | D        | Found a deep blue altar of Sif Muna.
    91 | D        | Found a bloodstained altar of Trog.
    92 | D        | Found a hide-covered altar of Uskayaw.
    93 | D        | Found a radiant altar of Vehumet.
    94 | D        | Found an ornate altar of the Wu Jian Council.
    95 | D        | Found a shimmering altar of Xom.
    96 | D        | Found a basalt altar of Yredelemnul.
    97 | D        | Found a glowing silver altar of Zin.
    98 | D        | Found a glowing golden altar of the Shining One.
   145 | D        | Noticed a hungry ghost
   145 | D        | Noticed a centaur
   145 | D        | Noticed a water moccasin
   145 | D        | Noticed a phantom
   145 | D        | Noticed a bullfrog
   154 | D        | Killed a hungry ghost
   154 | D        | Reached skill level 5 in Fighting
   154 | D        | Reached skill level 4 in Invocations
   154 | D        | Reached XP level 5. HP: 44/44 MP: 4/8
   160 | D        | Killed a centaur
   160 | D        | Reached * piety under Cheibriados
   160 | D        | Reached skill level 5 in Invocations
   160 | D        | Reached XP level 6. HP: 38/52 MP: 4/9
   161 | D        | Reached skill level 5 in Shields
   165 | D        | Killed a water moccasin
   165 | D        | Reached skill level 5 in Armour
   165 | D        | Reached skill level 6 in Invocations
   167 | D        | Reached ** piety under Cheibriados
   173 | D        | Reached skill level 7 in Invocations
   173 | D        | Gained mutation: You are mostly covered in sharp spines. [demonic ancestry]
   173 | D        | Reached XP level 7. HP: 43/60 MP: 6/12
   471 | D        | Noticed a cyclops
   471 | D        | Noticed a manticore
   471 | D        | Noticed a wyvern
   471 | D        | Noticed a centaur warrior
   474 | D        | Reached *** piety under Cheibriados
   476 | D        | Killed a cyclops
   476 | D        | Reached **** piety under Cheibriados
   476 | D        | Reached skill level 10 in Long Blades
   476 | D        | Reached skill level 1 in Dodging
   476 | D        | Reached skill level 8 in Invocations
   476 | D        | Reached XP level 8. HP: 36/68 MP: 12/14
   477 | D        | Reached skill level 9 in Invocations
   478 | D        | Killed a manticore
   481 | D        | Killed a centaur warrior
   481 | D        | Reached ***** piety under Cheibriados
   481 | D        | Reached skill level 10 in Invocations
   481 | D        | Reached XP level 9. HP: 42/77 MP: 7/17
   744 | D        | Noticed a komodo dragon
   744 | D        | Noticed a komodo dragon
   744 | D        | Noticed a seven-headed hydra
   745 | D        | Noticed an eight-headed hydra
   748 | D        | Killed a komodo dragon
   748 | D        | Reached skill level 10 in Fighting
   748 | D        | Reached skill level 11 in Invocations
   750 | D        | Noticed a black mamba
   750 | D        | Killed a komodo dragon
   752 | D        | Killed a five-headed hydra
   752 | D        | Reached skill level 12 in Invocations
   753 | D        | Killed a black mamba
   753 | D        | Gained mutation: Your flesh is cold resistant. (rC+) [demonic ancestry]
   753 | D        | Reached XP level 10. HP: 19/86 MP: 8/19
   754 | D        | Slain by an eight-headed hydra

Vault maps used:
D:        linesprint

Skill      XL: |  1  2  3  4  5  6  7  8  9 |
---------------+----------------------------+-----
Long Blades    | 7 8 9 10 11 | 11.9
Fighting       | 5 7 8 9 10 | 10.7
Armour         | 4 5 6 8 9 |  9.4
Shields        | 4 5 6 8 9 |  9.0
Invocations    | 4 5 7 8 10 12 | 12.4
Dodging        | 1 2 |  2.3

Action                   |  1- 3 |  4- 6 |  7- 9 | 10-12 || total
-------------------------+-------+-------+-------+-------++-------
Melee: Long sword        |    12 |     7 |       |       ||    19
       Scimitar          |       |    23 |     9 |     1 ||    33
Invok: Slouch            |       |       |     3 |     1 ||     4
Evoke: Wand              |       |       |     3 |       ||     3
  Use: Potion            |     1 |       |       |       ||     1
  Eat: Chunk             |       |       |     1 |       ||     1
Armor: Scale mail        |     4 |     7 |     2 |     2 ||    15
Dodge: Dodged            |     5 |    11 |     3 |     2 ||    21
Block: Shield            |     5 |     6 |     7 |     5 ||    23
       Rpst.: Long sword |     2 |       |       |       ||     2
       Scimitar          |       |     4 |     1 |       ||     5
